 Dungeon Crawl Stone Soup version 0.27-a0-824-gca8104f8d5 (webtiles) character file.

Game seed: 5851284348920464326

42 Hot the Conjurer (level 3, 0/14 HPs)
             Began as a Felid Conjurer on Mar 29, 2021.
             Slain by a ball python (1 damage)
             ... on level 2 of the Dungeon.
             The game lasted 00:07:08 (1498 turns).

Hot the Conjurer (Felid Conjurer)                   Turns: 1498, Time: 00:07:10

Health: 0/14       AC:  1    Str:  3    XL:     3   Next: 33%
Magic:  3/7        EV: 14    Int: 20    God:
Gold:   57         SH:  0    Dex: 14    Spells: 3/6 levels left
                                        Lives:  0   Deaths: 0

rFire    . . .     SeeInvis +   (weapon unavailable)
rCold    . . .     Faith    .   (shield unavailable)
rNeg     . . .     Spirit   .   (armour unavailable)
rPois    .         Reflect  .   (helmet unavailable)
rElec    .         Harm     .   (cloak unavailable)
rCorr    .         Rampage  .   (gloves unavailable)
Will     .....                  (boots unavailable)
Stlth    +++.......             (no amulet)
HPRegen  0.04/turn              (no ring)
MPRegen  0.10/turn              (no ring)

@: constricted, quick
A: very small, claws 1, fangs 3, see invisible, speed 1, shaggy fur 1, stealthy
paws, no weapons or thrown items, no armour, multi-lived
a: no special abilities


You were on level 2 of the Dungeon.
You visited 1 branch of the dungeon, and saw 2 of its levels.

You collected 57 gold pieces.

Inventory:

Jewellery
 a - a +6 ring of intelligence
Scrolls
 d - a scroll of teleportation
 e - a scroll of identify


   Skills:
 + Level 3.1 Dodging
 + Level 2.9 Stealth
 + Level 2.2 Spellcasting
 + Level 4.4 Conjurations


You had 3 spell levels left.
You knew the following spells:

 Your Spells              Type           Power      Damage    Failure   Level
a - Magic Dart            Conj           76%        1d6       2%          1
b - Searing Ray           Conj           38%        3d4       3%          2

Your spell library contained the following spells:

 Spells                   Type           Power      Damage    Failure   Level
 Dazzling Flash           Conj/Hex       22%        N/A       19%         3
 Fulminant Prism          Conj/Hex       5%         3d7       52%         4
 Iskenderun's Mystic Bla  Conj/Tloc      11%        2d4       52%         4


Dungeon Overview and Level Annotations

Branches:
Dungeon (2/15)

Altars:
Nemelex Xobeh

Annotations:
D:2 Robin


Innate Abilities, Weirdness & Mutations

You have sharp claws.
You have razor-sharp teeth.
You have supernaturally acute eyesight. (SInv)
You cover ground quickly. (Speed+)
You are covered in fur. (AC +1)
Your stealthy paws help you sneak and pounce on unaware monsters.
You are incapable of wielding weapons or throwing items.
You cannot wear armour.
You gain extra lives every three experience levels.


Message History

The kobold throws a stone.
The stone closely misses you.
The goblin no longer looks unusually strong.
A rat comes into view.
A kobold comes into view. It is wielding a +0 short sword.
Found a stone staircase leading down.
The goblin no longer looks unusually strong.
The kobold barely misses you. The adder bites you.
* * * LOW HITPOINT WARNING * * *
A frilled lizard comes into view.
The frilled lizard moves out of view.
The frilled lizard hisses angrily.
A ball python and a rat come into view.
The ball python hisses angrily.
It was a potion of curing.
You feel better. The adder closely misses you.
Casting: Magic Dart (safe; 2% risk of failure)
Confirm with . or Enter, or press ? or * to list all spells.
Aiming: Magic Dart (safe; 2% risk of failure)
Press: ? - help, Shift-Dir - straight line, f - ball python
Aim: a ball python (0% to evade)
The magic dart hits the ball python.
The ball python is severely wounded.
The ball python bites you. The ball python closely misses you.
The adder bites you.
* * * LOW HITPOINT WARNING * * *
The frilled lizard barely misses you.
Casting: Magic Dart (safe; 2% risk of failure)
Confirm with . or Enter, or press ? or * to list all spells.
Aiming: Searing Ray (safe; 3% risk of failure)
Press: ? - help, Shift-Dir - straight line, f/p - ball python
Aim: a ball python (severely wounded, 25% to evade)
The searing ray misses the ball python.
The searing ray hits the rat!
You kill the rat! (Press . to maintain the ray.)
The ball python completely misses you. The ball python grabs you.
* * * LOW HITPOINT WARNING * * *
The ball python constricts you. The adder bites you.
* * * LOW HITPOINT WARNING * * *
The frilled lizard closely misses you. The ball python bites you.
* * * LOW HITPOINT WARNING * * *
You die...

*,**********,,,,,,,,,,***,*
*,*,,,,,,,,,,,,..,,,,,,,*,*
*,*,********,,,.,,,,*,*,*,*
*,*,*,,,,* *,,.,,,,,,,*,*,*
*,*,*,,*,* **.#**,,,,,,,*,*
*,*,**,*,**##.#,,,......*,*
*,*,,,,,,**...*,*,,....**,*
*,****,*###l###.#**#r..,,,*
*,,,,,,,#.@S†...#*##..#***#
********#S#.......,...# #
###K###########.#####
#.......rg..g....g...
#..>.....K...........
#........######.#####
#........# #.# # #........#
#.# # #........# #.# #


You could see an adder, a ball python, a kobold and a frilled lizard.

Vanquished Creatures
  An adder (D:2)
  5 ball pythons (D:1)
  3 endoplasms (D:1)
  3 giant cockroaches (D:1)
  A goblin (D:2)
  6 hobgoblins
  A quokka (D:2)
  4 bats
  2 kobolds (D:1)
  3 rats
29 creatures vanquished.

Vanquished Creatures (others)
  4 plants (D:1)
4 creatures vanquished.

Grand Total: 33 creatures vanquished

Notes
Turn   | Place    | Note
-------+----------+-------------------------------------------
     0 | D:1      | Hot the Felid Conjurer began the quest for the Orb.
     0 | D:1      | Reached XP level 1. HP: 7/7 MP: 4/4
   236 | D:1      | Found a sparkling altar of Nemelex Xobeh.
   302 | D:1      | Reached XP level 2. HP: 11/11 MP: 4/6
   336 | D:1      | Reached skill level 4 in Conjurations
   768 | D:1      | Learned a level 2 spell: Searing Ray
  1345 | D:2      | Reached XP level 3. HP: 14/14 MP: 2/7
  1431 | D:2      | Noticed Robin
  1498 | D:2      | Slain by a ball python

Illustrated notes

Levels and vault maps discovered:
D:1:      dpeg_arrival_long_road, layout_basic, serial_bayou,
          serial_bayou_shore_a, serial_bayou_pond_b, serial_bayou_crossing,
          serial_bayou_pond_e, corexii_leaking_fountain, nemelex_altar_shiori
D:2:      layout_basic, uniq_robin, uniq_natasha

Skill      XL: |  1  2 |
---------------+-------+-----
Conjurations   | 4 |  4.4
Dodging        | 3 |  3.1
Stealth        | |  2.9
Spellcasting   | |  2.2

Action                   || total
-------------------------++-------
Melee: Unarmed           ||    14
 Cast: Magic Dart        ||    54
       Searing Ray       ||     1
  Use: Scroll            ||     3
       Potion            ||     1
 Stab: Sleeping          ||     1
Armor: Skin              ||     3
Dodge: Dodged            ||    25

Table legend: (Time is in decaauts)
 A = Elapsed time spent in this place.
 B = Non-inter-level travel time spent in this place.
 C = Inter-level travel time spent in this place.
 D = Time resting spent in this place.
 E = Time spent auto-exploring this place.
 F = Levels seen in this place.
 G = Mean time per level.
                   A        B        C        D        E       F      G
               +--------+--------+--------+--------+--------+-----+--------+
         Total |   1335 |   1294 |     41 |      0 |   1037 |   2 |  667.5 |
       Dungeon |   1335 |   1294 |     41 |      0 |   1037 |   2 |  667.5 |
               +--------+--------+--------+--------+--------+-----+--------+

Top non-repeatable levels by time:
     D:1: 1190 daAuts
     D:2: 144 daAuts
